cohdb
Replays
Latest Replays
All Replays
Popular Replays
Top Player Replays
Match Explorer
How It Works
Community
CoH3 Stats
Reddit
Sign in to upload your games and track your stats! →
Sign in with Steam
Match 42781010
Unlisted
Match 42781010
Overview
Messages
Build Orders
End
Kettenkrad Recon Vehicle
Construct Infanterie Kompanie
Selects Terror Battlegroup
MG 42 Machine Gun Team
Selects Machine Gun Camouflage
MG 42 Machine Gun Team
Grenadier Squad
Construct Panzergrenadier Kompanie
Panzergrenadier Squad
Pak 40 Anti-tank Gun Team
Support Elements
StuG III G Assault Gun
Nebelwerfer 42 Rocket Launcher Team
Grenadier Squad
Selects No Quarter
StuG III G Assault Gun
Panzergrenadier Squad
Panzergrenadier Squad
Pioneer Squad
Construct Panzer Kompanie
StuG III G Assault Gun
rich_2k3
DMTriBorn2Party
simiver
TheCreepy
S.S.Vodka
Definitely Not Juzo
0
0
Comments
sign in to comment!
No comments posted yet!